 Dungeon Crawl Stone Soup version 0.24-a0-516-g9de272bb65 (webtiles) character file.

Game seed: 16931995352854636031

318 Greboboi the Shield-Bearer (level 6, 0/53 HPs)
             Began as a Minotaur Fighter on July 22, 2019.
             Was a Follower of Trog.
             Killed by nerve-wracking pain
             ... invoked by Grinder
              (9 damage)
             ... on level 3 of the Dungeon.
             The game lasted 00:06:13 (2093 turns).

Greboboi the Shield-Bearer (Minotaur Fighter)       Turns: 2093, Time: 00:06:13

Health: 0/53       AC:  5    Str: 20    XL:     6   Next: 21%
Magic:  5/5        EV:  6    Int:  7    God:    Trog [*.....]
Gold:   103        SH: 10    Dex: 12    Spells: 5/5 levels left

rFire    + + .     SeeInvis .   a - +0 war axe
rCold    x . .     Gourm    .   c - +0 shield
rNeg     . . .     Faith    .   m - +0 chain mail
rPois    .         Spirit   .   (helmet restricted)
rElec    .         Reflect  .   (no cloak)
rCorr    .         Harm     .   (no gloves)
MR       .....                  (no boots)
Stlth    ..........             (no amulet)
HPRegen  0.17/turn              g - ring of protection from fire
MPRegen  0.09/turn              o - ring of fire

@: no status effects
A: retaliatory headbutt, horns 2, clever 1, deformed body
a: Berserk, Renounce Religion


You were on level 3 of the Dungeon.
You worshipped Trog.
Trog was aware of your devotion.
You were hungry.

You visited 1 branch of the dungeon, and saw 3 of its levels.

You collected 103 gold pieces.

Inventory:

Hand Weapons
 a - a +0 war axe (weapon)
Armour
 c - a +0 shield (worn)
 m - a +0 chain mail (worn)
Jewellery
 g - a ring of protection from fire (left hand)
 o - a ring of fire (right hand)
Scrolls
 e - a scroll of teleportation {unknown}
 h - 2 scrolls of remove curse {unknown}
 i - a scroll of identify
 k - 2 scrolls of immolation {unknown}
 l - a scroll of fog {unknown}
 q - a scroll of magic mapping {unknown}
Potions
 b - a potion of magic
 d - 3 potions of might
 j - a potion of haste
 p - 2 potions of curing
Comestibles
 f - 10 rations


   Skills:
 + Level 4.4 Fighting
 + Level 4.9 Axes
 + Level 4.8 Armour
 * Level 2.6 Dodging
 + Level 4.9 Shields


You had 5 spell levels left.
You didn't know any spells.
Your spell library was empty.

Dungeon Overview and Level Annotations

Branches:
Dungeon (3/15)

Altars:
Trog

Annotations:
D:3 Grinder


Innate Abilities, Weirdness & Mutations

You reflexively headbutt those who attack you in melee.
You have a pair of horns on your head.
Your mind is acute. (Int +2)
Armour fits poorly on your strangely shaped body.


Message History

You are too injured to fight recklessly!
You are too injured to fight recklessly!
You are too injured to fight recklessly!
You are too injured to fight recklessly!
You are too injured to fight recklessly!
You are too injured to fight recklessly!
You are too injured to fight recklessly!
You hit Grinder.
Grinder is heavily wounded.
Grinder gestures at you. You resist with significant effort.
You closely miss Grinder.
Grinder is heavily wounded.
Grinder hits you!
* * * LOW HITPOINT WARNING * * *
You closely miss Grinder. You headbutt Grinder!
Grinder is severely wounded.
Grinder gestures at you. Pain shoots through your body!
You die...

#.....###########
###................
................>.. #+##
######.######...#.# #.#.#
.......# #.......[...#
.......# #...#.#)#.#.#
.......# #...........
.......# #..5#.#.#.##
.......# #...@......#
.......# #...#.#.#.##
.......# #.........>#
.......# #####.#.#.##
.......# #.......# ..<....#
##.#.#.## .......#
#.......########## .#####.#
##.#.#.#.........# .#
#.#########.......########.#


You could see Grinder.

Vanquished Creatures
  Sigmund (D:3)
  Jessica (D:2)
  Terence (D:2)
  Robin (D:3)
  3 adders (D:2)
  A worm (D:2)
  3 dart slugs
  2 giant cockroaches (D:1)
  15 goblins
  10 hobgoblins
  9 jackals
  6 kobolds
  A quokka (D:2)
  8 bats (D:1)
  A frilled lizard (D:2)
  A leopard gecko skeleton (D:3)
  4 rats
68 creatures vanquished.

Notes
Turn   | Place    | Note
-------+----------+-------------------------------------------
     0 | D:1      | Greboboi the Minotaur Fighter began the quest for the Orb.
     0 | D:1      | Reached XP level 1. HP: 19/19 MP: 0/0
    63 | D:1      | Reached XP level 2. HP: 24/27 MP: 1/1
   285 | D:1      | Reached XP level 3. HP: 25/33 MP: 2/2
   562 | D:1      | Reached skill level 1 in Dodging
  1040 | D:2      | Reached XP level 4. HP: 38/40 MP: 3/3
  1189 | D:2      | Found a bloodstained altar of Trog.
  1200 | D:2      | Became a worshipper of Trog the Wrathful
  1287 | D:2      | Noticed Terence
  1291 | D:2      | Killed Terence
  1543 | D:2      | Noticed Jessica
  1552 | D:2      | Killed Jessica
  1552 | D:2      | Reached XP level 5. HP: 41/46 MP: 4/4
  1571 | D:2      | Gained mutation: Armour fits poorly on your strangely
                  | shaped body. [potion of mutation]
  1571 | D:2      | Gained mutation: Your mind is acute. (Int +2) [potion of
                  | mutation]
  1700 | D:3      | Noticed Robin
  1712 | D:3      | Killed Robin
  1715 | D:3      | Reached * piety under Trog
  1804 | D:3      | Noticed Sigmund
  1829 | D:3      | Killed Sigmund
  1829 | D:3      | Reached XP level 6. HP: 29/53 MP: 5/5
  2076 | D:3      | Noticed Grinder
  2078 | D:3      | Paralysed by Grinder for 5 turns
  2093 | D:3      | Killed from afar by Grinder

Levels and vault maps discovered:
D:1:      wander_arrival_lonely_grave, layout_loops_corners
D:2:      layout_rooms, lemuel_crystal_altar, first_ration,
          kennysheep_decorative_pillar, minivault_23, grunt_ministairs_3,
          kennysheep_jessica_study, uniq_terence
D:3:      layout_basic, st_stairs_12, uniq_sigmund, uniq_robin, uniq_grinder

Skill      XL: |  1  2  3  4  5 |
---------------+----------------+-----
Shields        | 4 |  4.9
Fighting       | 4 |  4.4
Armour         | 4 |  4.8
Dodging        | 1 2 |  2.6
Axes           | 3 4 |  4.9

Action                   |  1- 3 |  4- 6 || total
-------------------------+-------+-------++-------
Melee: War axe           |    73 |    64 ||   137
       Headbutt          |    15 |    11 ||    26
Invok: Berserk           |       |     1 ||     1
  Use: Scroll            |       |     5 ||     5
       Potion            |       |     1 ||     1
  Eat: Chunk             |       |     4 ||     4
Armor: Scale mail        |    28 |     1 ||    29
       Chain mail        |       |    21 ||    21
Dodge: Dodged            |    27 |    17 ||    44
Block: Shield            |    56 |    23 ||    79

Table legend:
 A = Non-vault XP
 B = Vault XP
 C = Vault XP percentage of total XP
 D = Non-vault monster count
 E = Vault monster count
 F = Vault count percentage of total count
                 A         B        C        D         E       F
            +---------+---------+-------+---------+---------+-------
      Total |     131 |     324 |  71.2 |      50 |      18 |  26.5
            +---------+---------+-------+---------+---------+-------
        D:1 |      58 |       0 |   0.0 |      32 |       0 |   0.0
        D:2 |      68 |      77 |  53.1 |      15 |       5 |  25.0
        D:3 |       5 |     247 |  98.0 |       3 |      13 |  81.2
            +---------+---------+-------+---------+---------+-------
